Map: Kairos Junction LE

Players

Marsman - Winner!

  • Race: Protoss Protoss
  • League: Grandmaster
  • Spawn Location: 5:00

Djorjx

  • Race: Terran Terran
  • League: Grandmaster
  • Spawn Location: 11:00

Event: DSCL Nationals 2018 - Finals

VOD

Have the link to the VOD?

Description

Time

  • Played on: Dec. 1, 2018, 7:37 a.m.
  • Length: 6:10

All games in this series

Show
View Real Time Build Order
Export as new Build Order

Marsman Protoss - Winner!

Build Orders:  

Get SALT Encoding   

  12  0:00  Probe  
  13  0:12  Probe  
  14  0:17  Pylon  
  14  0:25  Probe  
  15  0:35  Gateway  
  15  0:37  Probe  
  16  0:44  Assimilator  
  16  0:45  Probe  
  17  0:53  Probe  
  17  1:01  Assimilator  
  18  1:05  Probe  
  18  1:11  Pylon  
  19  1:17  Probe  
  20  1:23  Cybernetics Core  
  20  1:30  Zealot  
  22  1:34  Probe  
  23  1:46  Probe  
  24  1:52  Adept  
  24  1:58  Probe  
  27  2:02  Warp Gate  
  27  2:06  Pylon  
  27  2:13  Probe  
  28  2:18  Stalker  
  28  2:19  Robotics Facility  
  30  2:48  Stalker  
  32  2:59  Warp Prism  
  34  3:20  Shield Battery  
  34  3:22  Shield Battery  
  34  3:24  Stalker  
  34  3:26  Pylon  
  36  3:44  Immortal  
  40  3:49  Shield Battery  
  40  3:58  Gateway  
  40  4:05  Stalker  
  42  4:25  Immortal  
  42  4:28  Pylon  
  46  4:54  Adept  
  46  4:55  Adept  
  46  4:58  Gateway  
  48  5:20  Stalker x2  
  52  5:38  Pylon  
  49  5:56  Stalker x2  
  49  5:57  Stalker  
Show
View Real Time Build Order
Export as new Build Order

Djorjx Terran 

Build Orders: Cyclone Opening 

Get SALT Encoding   

  12  0:00  SCV  
  13  0:12  SCV  
  14  0:18  Supply Depot  
  14  0:24  SCV  
  15  0:40  Barracks, SCV  
  16  0:47  Refinery  
  16  0:52  SCV  
  17  0:57  Refinery  
  18  1:04  SCV  
  18  1:17  SCV  
  19  1:27  Reaper  
  19  1:29  Orbital Command  
  20  1:40  Supply Depot  
  20  1:46  Factory  
  20  1:55  SCV  
  20  2:00  Barracks Tech Lab  
  21  2:07  SCV  
  22  2:11  Supply Depot  
  22  2:19  SCV  
  22  2:22  Marauder  
  25  2:23  Concussive Shells  
  25  2:29  Factory Tech Lab  
  25  2:32  SCV  
  26  2:43  Marauder  
  28  2:45  SCV  
  28  2:48  Cyclone  
  32  2:58  SCV  
  33  3:05  Marauder  
  34  3:10  Supply Depot, SCV  
  35  3:21  Cyclone  
  35  3:22  SCV  
  39  3:34  SCV  
  39  3:35  Bunker  
  40  3:46  SCV  
  41  3:52  Supply Depot  
  41  3:53  Cyclone  
  44  3:58  SCV  
  45  4:15  SCV  
  46  4:27  Command Center  
  46  4:35  SCV  
  47  4:40  Starport  
  47  4:47  SCV  
  48  4:52  Supply Depot  
  48  4:59  SCV  
  44  5:11  SCV  
  42  5:21  Starport Tech Lab  
  42  5:23  SCV  
  40  5:36  SCV  
  39  5:48  SCV  
Tags
 
Add a new tag
Caveats
  • Supply blocks, unpowered buildings, or Contaminate may cause inaccurate times.
  • Supply counts are checked every 10 seconds.